 Dungeon Crawl Stone Soup version 0.27.1-4-g1640c2035a (webtiles) character file.

Game seed: 15724537240153103251

151 Seraph124 the Cutter (level 5, 0/45 HPs)
             Began as a Ghoul Gladiator on Nov 10, 2021.
             Slain by Icepheonix32's ghost (3 damage)
             ... on level 4 of the Dungeon.
             The game lasted 00:16:36 (2366 turns).

Seraph124 the Cutter (Ghoul Gladiator)              Turns: 2366, Time: 00:16:37

Health: 0/45       AC:  4    Str: 18    XL:     5   Next: 33%
Magic:  4/4        EV: 12    Int:  4    God:
Gold:   69         SH:  0    Dex: 10    Spells: 4/4 levels left

rFire    . . .     SeeInvis .   a - +0 rapier
rCold    + . .     Faith    .   (no shield)
rNeg     + + +     Spirit   .   b - +0 leather armour
rPois    ∞         Reflect  .   c - +0 helmet
rElec    .         Harm     .   (no cloak)
rCorr    .         Rampage  .   (no gloves)
Will     .....                  (no boots)
Stlth    +.........             (no amulet)
HPRegen  0.00/turn              e - ring of flight
MPRegen  0.09/turn              (no ring)

@: flying, inhibited regen
A: claws 1, cold resistance 1, negative energy resistance 3, inhibited
regeneration, torment resistance 2
a: no special abilities


You were on level 4 of the Dungeon.
You visited 1 branch of the dungeon, and saw 4 of its levels.

You collected 69 gold pieces.

Inventory:

Hand Weapons
 a - a +0 rapier (weapon)
Missiles
 d - 3 throwing nets (quivered)
Armour
 b - a +0 leather armour (worn)
 c - a +0 helmet (worn)
Jewellery
 e - a ring of flight (left claw)
Wands
 h - a wand of digging (5)
Scrolls
 f - 2 scrolls of amnesia
 k - a scroll of identify
 l - a scroll of vulnerability {unknown}
Potions
 g - a potion of heal wounds {unknown}
 i - a potion of flight {unknown}
 j - a potion of might {unknown}


   Skills:
 + Level 3.1 Fighting
 + Level 3.8 Short Blades
 + Level 1.8 Throwing
 + Level 1.7 Armour
 + Level 3.4 Dodging
 + Level 0.4 Stealth


You had 4 spell levels left.
You didn't know any spells.
Your spell library contained the following spells:

 Spells                   Type           Power      Damage    Failure   Level
 Static Discharge         Conj/Air       0%         N/A       71%         2
 Dispel Undead            Necr           0%         3d6       100%        4
 Sticky Flame             Conj/Fire      0%         2d3       100%        4


Dungeon Overview and Level Annotations

Branches:
Dungeon (4/15)
 Temple: D:4-7

Altars:

Annotations:
D:4 Icepheonix32's ghost, weakling DsTm


Innate Abilities, Weirdness & Mutations

You thrive by killing the living.
You are immune to poison.
You have sharp fingernails.
Your flesh is cold resistant. (rC+)
You are immune to negative energy. (rN+++)
You do not regenerate when monsters are visible.
You are immune to unholy pain and torment.


Message History

You hit the adder.
The adder is heavily wounded.
The adder bites you. The adder bites you but does no damage.
You hit the adder.
You kill the adder!
The adder bites you.
* * * LOW HITPOINT WARNING * * *
The adder barely misses you.
You see here an adder corpse.
The adder misses you. The adder bites you.
* * * LOW HITPOINT WARNING * * *
Icepheonix32's ghost whispers, "There is no future for you."
You see here an adder skeleton.
You barely miss the adder.
The adder bites you but does no damage. x2
You closely miss the adder. The adder closely misses you.
You barely miss the adder. The adder bites you.
* * * LOW HITPOINT WARNING * * *
You hit the adder but do no damage. The adder closely misses you.
The adder bites you but does no damage.
You hit the adder.
The adder is lightly wounded.
The adder closely misses you.
You hit the adder.
The adder is severely wounded.
The adder bites you.
* * * LOW HITPOINT WARNING * * *
You closely miss the adder.
The adder is severely wounded.
The adder bites you.
* * * LOW HITPOINT WARNING * * *
The adder bites you.
* * * LOW HITPOINT WARNING * * *
You closely miss the adder.
The adder is heavily wounded.
The adder barely misses you.
You puncture the adder!
You kill the adder!
You barely miss Icepheonix32's ghost. Icepheonix32's ghost hits you.
You die...

##..#....(...⌠.......
#######.#.##.##...#...#.#
≈[≈≈≈≈'.#.##.##.#........
#######†#.#.#.#.#######.#
##..#.##.##.# ##+## #
##...##.##.# ##...## #
###.##.##.# ##.....###
#..W....# ##.......##
######@..####.........#
..>..........'.........'
#######...####......)..#
#..## ##.......## #...
##.....## ###.# ##...##
.# ##+## .# .#


You could see Icepheonix32's ghost.

Vanquished Creatures
  A bullfrog (D:4)
  A howler monkey skeleton (D:4)
  4 adders
  2 dart slugs (D:1)
  An orc (D:3)
  7 ball pythons
  An endoplasm (D:2)
  2 giant cockroaches
  5 goblins
  A hobgoblin (D:3)
  2 quokkas (D:1)
  5 bats
  3 frilled lizards
  4 kobolds
  4 rats (D:1)
43 creatures vanquished.

Vanquished Creatures (others)
  A plant (D:2)
1 creature vanquished.

Grand Total: 44 creatures vanquished

Notes
Turn   | Place    | Note
-------+----------+-------------------------------------------
     0 | D:1      | Seraph124 the Ghoul Gladiator began the quest for the Orb.
     0 | D:1      | Reached XP level 1. HP: 17/17 MP: 0/0
   181 | D:1      | Reached XP level 2. HP: 7/25 MP: 1/1
  1212 | D:1      | Reached XP level 3. HP: 30/30 MP: 2/2
  2129 | D:4      | Reached skill level 1 in Armour
  2129 | D:4      | Reached XP level 4. HP: 18/37 MP: 3/3
  2137 | D:4      | Noticed a bullfrog
  2330 | D:4      | Found a runed translucent door.
  2333 | D:4      | Noticed Icepheonix32's ghost (weakling DsTm)
  2345 | D:4      | Killed a bullfrog
  2346 | D:4      | Reached XP level 5. HP: 21/45 MP: 4/4
  2366 | D:4      | Slain by Icepheonix32's ghost

Illustrated notes

Levels and vault maps discovered:
D:1:      roderic_crossed_star, layout_basic
D:2:      cheibrodos_old_hovel, layout_loops_cross, basic_ecumenical_altar
D:3:      layout_loops_corners
D:4:      layout_loops_corners, ebering_ghost_sewer_d, hangedman_feature_mirror,
          roderic_lattice_a

Skill      XL: |  1  2  3  4 |
---------------+-------------+-----
Dodging        | 3 |  3.4
Short Blades   | 3 |  3.8
Armour         | 1 |  1.7
Fighting       | 3 |  3.1
Throwing       | |  1.8
Stealth        | |  0.4

Action                   |  1- 3 |  4- 6 || total
-------------------------+-------+-------++-------
Melee: Rapier            |   105 |    30 ||   135
  Use: Scroll            |     2 |       ||     2
       Potion            |     1 |       ||     1
Armor: Leather armour    |    43 |    10 ||    53
Dodge: Dodged            |    94 |    15 ||   109
